 Dungeon Crawl Stone Soup version 0.28.0-43-g3370ac3207 (webtiles) character file.

Game seed: 2389082246953416910

49 Zonian the Chiller (level 3, 0/24 HPs)
             Began as a Demonspawn Ice Elementalist on Mar 6, 2022.
             Slain by a sky beast (6 damage)
             ... on level 3 of the Dungeon.
             The game lasted 00:06:35 (3603 turns).

Zonian the Chiller (Demonspawn Ice Elementalist)    Turns: 3603, Time: 00:06:36

Health: 0/24       AC:  3    Str: 11    XL:     3   Next: 53%
Magic:  2/6        EV: 12    Int: 18    God:
Gold:   31         SH:  0    Dex: 13    Spells: 3/7 levels left

rFire   x . .      SeeInvis .   e - +2 hand axe of Ewozeyri {vorpal, *Slow Str+3}
rCold   + + .      Faith    .   (no shield)
rNeg    . . .      Spirit   .   a - +1 robe
rPois   .          Reflect  .   (no helmet)
rElec   .          Harm     .   (no cloak)
rCorr   .          Rampage  .   (no gloves)
Will    .....                   (no boots)
Stlth   ++........              (no amulet)
HPRegen 0.08/turn               d - ring of ice
MPRegen 0.10/turn               f - ring of protection from cold

@: no status effects
A: powered by pain 1
a: no special abilities


You were on level 3 of the Dungeon.
You visited 1 branch of the dungeon, and saw 3 of its levels.

You collected 31 gold pieces.

Inventory:

Hand Weapons
 c - a +0 dagger of draining
 e - the +2 hand axe of Ewozeyri (weapon) {vorpal, *Slow Str+3}
   (You found it on level 2 of the Dungeon)

   It inflicts extra damage upon your enemies.
   Str:       It affects your strength (+3).
   *Slow:     It may slow you when you take damage.
 i - a +0 falchion
Armour
 a - a +1 robe (worn)
Jewellery
 d - a ring of ice (left hand)
 f - a ring of protection from cold (right hand)
 h - a ring of flight
Potions
 b - a potion of invisibility
 g - a potion of heal wounds {unknown}


   Skills:
 + Level 2.3 Dodging
 + Level 2.4 Stealth
 + Level 2.5 Spellcasting
 + Level 3.9 Ice Magic


You had 3 spell levels left.
You knew the following spells:

 Your Spells              Type           Power      Damage    Failure   Level
a - Freeze                Ice            96%        1d11      3%          1
b - Frozen Ramparts       Ice            48%        1d6       11%         3

Your spell library contained the following spells:

 Spells                   Type           Power      Damage    Failure   Level
 Ozocubu's Armour         Ice            24%        N/A       11%         3
 Beastly Appendage        Tmut           4%         N/A       17%         1
 Wereblood                Tmut           2%         N/A       26%         2
 Spider Form              Tmut/Pois      2%         N/A       45%         3
 Hailstorm                Conj/Ice       14%        3d5       58%         4


Dungeon Overview and Level Annotations

Branches:
Dungeon (3/15)

Altars:

Shops:
D:1 *?!:!


Innate Abilities, Weirdness & Mutations

You sometimes gain a little power by taking damage.


Message History

Unknown command.
The sky beast hits you but does no damage.
The sky beast hits you but does no damage.
Unknown command.
Casting: Freeze (safe; 3% risk of failure)
Confirm with . or Enter, or press ? or * to list all spells.
Aiming: Freeze (safe; 3% risk of failure)
Press: ? - help, Shift-Dir - straight line, f - sky beast
Aim: a sky beast You feel a surge of power!
You freeze the sky beast!
The sky beast is moderately wounded.
The sky beast hits you but does no damage.
Unknown command.
Casting: Freeze (safe; 3% risk of failure)
Confirm with . or Enter, or press ? or * to list all spells.
Aiming: Freeze (safe; 3% risk of failure)
Press: ? - help, Shift-Dir - straight line, f/p - sky beast
Aim: a sky beast (moderately wounded)
You feel a surge of power!
You freeze the sky beast.
The sky beast is heavily wounded.
The sky beast hits you. The sky beast shocks you.
Unknown command.
Casting: Freeze (safe; 3% risk of failure)
Confirm with . or Enter, or press ? or * to list all spells.
Aiming: Freeze (safe; 3% risk of failure)
Press: ? - help, Shift-Dir - straight line, f/p - sky beast
Aim: a sky beast (heavily wounded)
You feel a surge of power!
You freeze the sky beast.
The sky beast is severely wounded.
The sky beast flickers out of sight!
Deactivating autopickup; reactivate with Ctrl-A.
Something hits you but does no damage.
Casting: Freeze (safe; 3% risk of failure)
Confirm with . or Enter, or press ? or * to list all spells.
Aiming: Freeze (safe; 3% risk of failure)
Press: ? - help, Shift-Dir - straight line You feel a surge of power!
You freeze something. Something hits you.
* * * LOW HITPOINT WARNING * * *
Something shocks you.
You die...

#. #.# #..#
##########.#
#...#
#.g{@<.....#
....#
#.##########
#..##.#
#....#
#.#....#
#.....#
#.....##..#
##...# ##.#
##.. .#


You could see a hobgoblin.

Vanquished Creatures
  An adder (D:2)
  A worm (D:2)
  2 bats (D:1)
  6 endoplasms
  2 giant cockroaches
  5 goblins
  2 hobgoblins
  4 ball pythons
  A frilled lizard (D:2)
  6 kobolds
  5 rats
35 creatures vanquished.

Notes
Turn   | Place    | Note
-------+----------+-------------------------------------------
     0 | D:1      | Zonian the Demonspawn Ice Elementalist began the quest for
                  | the Orb.
     0 | D:1      | Reached XP level 1. HP: 13/13 MP: 3/3
    73 | D:1      | Found Buthrod's Distillery.
   914 | D:1      | Found Uqaufem's Magic Scroll Emporium.
   958 | D:1      | Found Japn's Assorted Antiques.
  1008 | D:1      | Found Xapn's Distillery.
  1043 | D:1      | Gained mutation: You sometimes gain a little power by
                  | taking damage. [demonic ancestry]
  1043 | D:1      | Reached XP level 2. HP: 19/19 MP: 5/5
  1373 | D:1      | Found a faded altar of an unknown god.
  1497 | D:1      | Found Afuad's Book Shoppe.
  1900 | D:2      | Identified the +2 hand axe of Ewozeyri {vorpal, *Slow
                  | Str+3}
  2100 | D:2      | Reached XP level 3. HP: 24/24 MP: 2/6
  2104 | D:2      | Learned a level 3 spell: Frozen Ramparts
  3590 | D:3      | Noticed a sky beast
  3603 | D:3      | Slain by a sky beast

Illustrated notes

Levels and vault maps discovered:
D:1:      dpeg_arrival_connections, layout_loops_corners, serial_shops,
          nicolae_shop_hallway_plus, nicolae_shop_stone, shop,
          nicolae_shop_window_shopping, shop, shapermc_ecumenical_altar_gd
D:2:      layout_basic
D:3:      layout_loops_ring, nicolae_overflow_squiral, minmay_bisected

Skill      XL: |  1 |
---------------+----+-----
Stealth        | 2 |  2.4
Dodging        | 2 |  2.3
Spellcasting   | |  2.5
Ice Magic      | |  3.9

Action                   || total
-------------------------++-------
Melee: Dagger            ||    45
       Hand axe          ||     4
 Cast: Freeze            ||    43
  Use: Scroll            ||     6
 Stab: Sleeping          ||     7
Armor: Robe              ||    18
Dodge: Dodged            ||    38
